 Dungeon Crawl Stone Soup version 0.30-a0-881-g1ff12e1e11 (webtiles) character file.

Game seed: 2033834017511571031

102 porpoise the Magician (level 5, -3/40 HPs)
             Began as a Djinni Fire Elementalist on Mar 15, 2023.
             Slain by a human (5 damage)
             ... on level 3 of the Dungeon.
             The game lasted 00:07:55 (2697 turns).

porpoise the Magician (Djinni Fire Elementalist)    Turns: 2697, Time: 00:07:56

Health: -3/40      AC:  2    Str:  6 (7)  XL:     5   Next: 6%
Gold:   113        EV: 17    Int: 17 (18) God:
                   SH:  0    Dex: 11 (14)

rFire   + + .      SeeInvis .    a - +0 dagger (venom)
rCold   x . .      Faith    .    (no shield)
rNeg    . . .      Spirit   .    f - +0 robe
rPois   ∞          Reflect  .    (no helmet)
rElec   .          Rampage  .    c - scarf {shadows}
rCorr   .                        (no gloves)
Will    .....                    (boots unavailable)
Stlth   ++                       (no amulet)
HPRegen 0.26/turn                n - +5 ring of evasion
MPRegen 0.00/turn                (no ring)

@: flying
A: sickness immunity, fire resistance 2, cold vulnerability 1, float, innate
caster, HP casting, extra vitality 1
a: no special abilities


You were on level 3 of the Dungeon.
You visited 1 branch of the dungeon, and saw 3 of its levels.

You collected 113 gold pieces.

Inventory:

Hand Weapons
 a - a +0 dagger of venom (weapon)
 b - a +0 antimagic sling
Missiles
 g - 4 poisoned darts
Armour
 c - a scarf of shadows (worn)
 f - a +0 robe (worn)
Jewellery
 n - a +5 ring of evasion (left hand)
 p - a ring of fire
Scrolls
 d - a scroll of fear {unknown}
 e - a scroll of enchant armour {unknown}
 h - a scroll of vulnerability {unknown}
 k - a scroll of poison {unknown}
 m - a scroll of immolation {unknown}
Potions
 l - a potion of lignification {unknown}
 o - a potion of magic {unknown}


   Skills:
 + Level 2.8 Fighting
 - Level 2.1 Dodging
 - Level 1.5 Stealth
 + Level 3.3 Spellcasting


You knew the following spells:

 Your Spells              Type           Power      Damage    Failure   Level
a - Foxfire               Conj/Fire      56%        2x1d6     4%          1
b - Scorch                Fire           28%        2d6       6%          2
c - Kindle Blastsparks    Fire/Tloc/Air  28%        2d12      13%         3
d - Inner Flame           Hex/Fire       14%        N/A       13%         3
e - Flame Wave            Conj/Fire      14%        2d6       38%         4
n - Apportation           Tloc           28%        N/A       4%          1
w - Passwall              Tmut/Erth      11%        N/A       6%          2
Your spell library was empty.

Dungeon Overview and Level Annotations

Branches:
Dungeon (3/15)

Altars:
Xom
Yredelemnul


Innate Abilities, Weirdness & Mutations

You are immune to sickness and miasma.
You are immune to poison.
Your flesh is very heat resistant. (rF++)
You are vulnerable to cold. (rC-)
You float through the air rather than walking.
You learn spells naturally, not from books.
Your magical power is your life essence.
You have superior vitality. (+4 MHP)


Message History

You conjure some foxfire!
The kobold hits you with a +2 dagger of electrocution.
You are electrocuted!
* * * LOW HITPOINT WARNING * * *
You kill the kobold!
The foxfire hits the human.
The human is lightly wounded.
The foxfire hits the human.
The human is moderately wounded.
Unknown command.
A human is nearby!
Casting: Foxfire (safe; 4% risk of failure)
Confirm with . or Enter, or press ? or * to list all spells.
You don't have enough health to cast this spell.
Unknown command.
Unknown command.
It was a potion of degeneration.
There was something very wrong with that liquid.
You feel weakened.
You feel dopey.
You feel clumsy.
It was a potion of curing.
You feel better. The human hits you.
* * * LOW HITPOINT WARNING * * *
Casting: Foxfire (safe; 4% risk of failure)
Confirm with . or Enter, or press ? or * to list all spells.
You conjure some foxfire!
* * * LOW HITPOINT WARNING * * *
The human misses you.
You completely miss the human.
The human is moderately wounded.
The foxfire hits the human.
The human is moderately wounded.
The foxfire hits the human but does no damage.
The human is moderately wounded.
The human hits you!
* * * LOW HITPOINT WARNING * * *
Casting: Foxfire (safe; 4% risk of failure)
Confirm with . or Enter, or press ? or * to list all spells.
You conjure some foxfire!
* * * LOW HITPOINT WARNING * * *
The human hits you.
You die...

...................
................###.
..#................#.#.
...................#'#.
.......................
.......>..........#####
................###...#
.....).v.........##._.#
#....@p.........##...#
##...†v.........######
##.....##.....##
##############


You could see a human (ally target).

Vanquished Creatures
  An iguana (D:3)
  2 adders (D:2)
  A worm (D:3)
  7 ball pythons
  6 bats
  6 endoplasms
  2 giant cockroaches
  6 goblins
  3 hobgoblins
  6 jackals
  2 kobolds
  2 quokkas
  3 frilled lizards (D:1)
  A kobold zombie (D:3)
  6 rats
54 creatures vanquished.

Vanquished Creatures (others)
  5 dream sheep (D:3)
  125 foxfires
130 creatures vanquished.

Grand Total: 184 creatures vanquished

Notes
Turn   | Place    | Note
-------+----------+-------------------------------------------
     0 | D:1      | porpoise the Djinni Fire Elementalist began the quest for
                  | the Orb.
     0 | D:1      | porpoise set off with the following spells memorised:
                  | Foxfire, Scorch, Kindle Blastsparks, Inner Flame, Flame
                  | Wave.
     0 | D:1      | Reached XP level 1. HP: 15/15 MP: 0/0
   168 | D:1      | Reached XP level 2. HP: 20/22 MP: 0/0
   204 | D:1      | Reached skill level 1 in Fighting
   231 | D:1      | Found a faded altar of an unknown god.
   832 | D:1      | You are sucked into a shaft and drop 1 floor!
   842 | D:2      | Reached XP level 3. HP: 22/27 MP: 0/0
   842 | D:2      | Learned a level 1 spell: Apportation
  1039 | D:2      | Reached skill level 3 in Spellcasting
  1243 | D:1      | Reached XP level 4. HP: 12/33 MP: 0/0
  2446 | D:3      | Noticed a dream sheep
  2446 | D:3      | Noticed a dream sheep
  2446 | D:3      | Noticed a dream sheep
  2446 | D:3      | Noticed a dream sheep
  2446 | D:3      | Noticed a dream sheep
  2446 | D:3      | Found a shimmering altar of Xom.
  2450 | D:3      | Killed a dream sheep
  2450 | D:3      | Killed a dream sheep
  2450 | D:3      | Killed a dream sheep
  2450 | D:3      | Killed a dream sheep
  2451 | D:3      | Killed a dream sheep
  2628 | D:3      | Reached XP level 5. HP: 38/40 MP: 0/0
  2628 | D:3      | Learned a level 2 spell: Passwall
  2638 | D:3      | Found a runed translucent door.
  2638 | D:3      | Noticed a human
  2649 | D:3      | Found a basalt altar of Yredelemnul.
  2691 | D:3      | HP: 1/40 [kobold/+2 dagger of electrocution (13)]
  2697 | D:3      | Slain by a human

Illustrated notes

Levels and vault maps discovered:
D:1:      wheals_arrival_linesprint, layout_basic,
          nicolae_ecumenical_snake_handling
D:2:      layout_rooms
D:3:      layout_rooms, kb_xom_exploding_sheep, dk_yredelemnul_ordeal,
          gammafunk_temple_overflow_wave

Skill      XL: |  1  2  3 |
---------------+----------+-----
Fighting       | 1 2 |  2.8
Spellcasting   | 3 |  3.3
Dodging        | |  2.1
Stealth        | |  1.5

Action                     |  1- 3 |  4- 6 || total
---------------------------+-------+-------++-------
  Melee: Unarmed           |     4 |       ||     4
         Mace              |     5 |       ||     5
         Dagger            |     6 |    10 ||    16
   Cast: Foxfire           |    48 |    23 ||    71
         Scorch            |     1 |     1 ||     2
         Kindle Blastspark |       |     1 ||     1
    Use: Potion            |       |     2 ||     2
 Armour: Robe              |     8 |     1 ||     9
  Dodge: Dodged            |    16 |     8 ||    24

Table legend: (Time is in decaauts)
 A = Elapsed time spent in this place.
 B = Non-inter-level travel time spent in this place.
 C = Inter-level travel time spent in this place.
 D = Time resting spent in this place.
 E = Time spent auto-exploring this place.
 F = Levels seen in this place.
 G = Mean time per level.
                   A        B        C        D        E       F      G
               +--------+--------+--------+--------+--------+-----+--------+
         Total |   2696 |   2537 |    159 |    422 |   1695 |   3 |  898.7 |
       Dungeon |   2696 |   2537 |    159 |    422 |   1695 |   3 |  898.7 |
               +--------+--------+--------+--------+--------+-----+--------+

Top non-repeatable levels by time:
     D:1: 1625 daAuts
     D:2: 684 daAuts
     D:3: 386 daAuts
